 Dungeon Crawl Stone Soup version 0.30-a0-793-g160f7cfddd (webtiles) character file.

Game seed: 18413143482163719329

315 garrulousMonolith the Slasher (level 6, -5/43 (48) HPs)
             Began as a Demonspawn Gladiator on Feb 19, 2023.
             Was a Believer of Qazlal.
             Slain by a gnoll
             ... wielding a +0 halberd
              (9 damage)
             ... on level 5 of the Dungeon.
             The game lasted 00:05:41 (3377 turns).

garrulousMonolith the Slasher (DsGl)                Turns: 3377, Time: 00:05:42

HP:   -5/43 (48)    AC: 15    Str: 14    XL:     6   Next: 19%
MP:   5/7           EV:  7    Int: 11    God:    Qazlal [**....]
Gold: 213           SH:  2    Dex: 17    Spells: 4/5 levels left

rFire   + . .      SeeInvis +    D - +7 war axe "Ybrest" {freeze, *Corrode rN+ Int+2}
rCold   . . .      Faith    .    (no shield)
rNeg    + . .      Spirit   .    x - +2 chain mail {Will+}
rPois   .          Reflect  .    c - +0 helmet
rElec   .          Harm     .    k - +0 cloak
rCorr   .          Rampage  .    s - +0 pair of gloves
Will    +....                    h - +0 pair of boots Stlth
                                 (no amulet)
HPRegen 0.27/turn                n - ring of protection from fire
MPRegen 0.10/turn                q - ring of see invisible

@: heavily drained
A: rugged brown scales 1, demonic magic 1
a: Renounce Religion, Upheaval


You were on level 5 of the Dungeon.
You worshipped Qazlal.
Qazlal was pleased with you.
You visited 1 branch of the dungeon, and saw 5 of its levels.

You collected 213 gold pieces.

Inventory:

Hand Weapons
 y - a +1 short sword of electrocution
 D - the +7 war axe "Ybrest" (weapon) {freeze, *Corrode rN+ Int+2}
   (You found it on level 3 of the Dungeon)

   Int:       It affects your intelligence (+2).
   rN:        It protects you from negative energy.
   *Corrode:  It may corrode you when you take damage.
 H - a +0 scimitar of venom
Missiles
 d - 3 throwing nets
 e - 7 javelins (quivered)
Armour
 c - a +0 helmet (worn)
 h - a +0 pair of boots (worn)
 k - a +0 cloak (worn)
 s - a +0 pair of gloves (worn)
 x - a +2 chain mail of willpower (worn)
Magical Staves
 m - a staff of poison
Jewellery
 j - a ring of resist corrosion
 n - a ring of protection from fire (left hand)
 q - a ring of see invisible (right hand)
Scrolls
 a - a scroll of noise {unknown}
 f - a scroll of vulnerability {unknown}
 i - a scroll of blinking {unknown}
 o - a scroll of brand weapon
 t - 5 scrolls of fog
 w - a scroll of enchant armour
 E - a scroll of enchant weapon {unknown}
Potions
 b - a potion of flight {unknown}
 g - a potion of cancellation
 l - a potion of curing
 r - 2 potions of lignification
 u - 2 potions of attraction {unknown}
 v - a potion of resistance {unknown}
 z - a potion of invisibility {unknown}
 B - 3 potions of haste
 C - 3 potions of brilliance
 F - 2 potions of might
 G - a potion of mutation {unknown}


   Skills:
 + Level 3.3 Fighting
 - Level 4.0 Long Blades
 * Level 1.3 Axes
 - Level 2.0 Throwing
 + Level 1.8 Armour
 + Level 3.7 Dodging
 + Level 1.7 Invocations


You had 4 spell levels left.
You knew the following spells:

 Your Spells              Type           Power      Damage    Failure   Level
a - Sting                 Tmut/Pois      0%         1d3       100%        1

Your spell library contained the following spells:

 Spells                   Type           Power      Damage    Failure   Level
 Apportation              Tloc           0%         N/A       100%        1
 Necrotise                Necr           0%         1d4       100%        1
 Slow                     Hex            0%         N/A       100%        1
 Summon Small Mammal      Summ           0%         N/A       100%        1
 Lesser Beckoning         Tloc           0%         N/A       100%        2
 Poisonous Vapours        Pois/Air       0%         N/A       100%        2
 Confusing Touch          Hex            0%         N/A       100%        3
 Gell's Gravitas          Tloc           0%         N/A       100%        3
 Ozocubu's Armour         Ice            0%         N/A       100%        3
 Teleport Other           Tloc           0%         N/A       100%        3
 Vampiric Draining        Necr           0%         2d6       100%        3
 Olgreb's Toxic Radiance  Pois           0%         N/A       100%        4
 Ozocubu's Refrigeration  Ice            0%         4d7       100%        7


Dungeon Overview and Level Annotations

Branches:
Dungeon (5/15)
 Temple: D:4-7

Altars:
Dithmenos
Qazlal
Uskayaw


Innate Abilities, Weirdness & Mutations

You are partially covered in rugged brown scales. (AC +1, +3% HP)
Spells you cast may paralyse adjacent enemies.


Message History

The gnoll hits you but does no damage.
You feel much better. The necrophage hits you. You partially resist.
You feel drained. The gnoll hits you with a +0 halberd.
The gnoll hits you with a +0 flail.
Okay, then.
Aiming: Upheaval
Press: ? - help, Dir - move target The ground shakes violently, spewing rubble!
The necrophage closely misses you. The gnoll barely misses you. x2
The necrophage hits you but does no damage.
The gnoll hits you but does no damage. x2
The gnoll attacks as you move away! The gnoll hits you with a +0 flail.
* * * LOW HITPOINT WARNING * * *
You feel better. The necrophage hits you. You partially resist.
You feel drained.
The gnoll hits you from afar with a +0 halberd.
You slash the necrophage!
The necrophage is severely damaged.
The necrophage closely misses you.
The gnoll hits you from afar with a +0 halberd.
* * * LOW HITPOINT WARNING * * *
You closely miss the necrophage.
The necrophage is severely damaged.
The necrophage hits you but does no damage.
The gnoll hits you but does no damage.
You hit the necrophage.
The necrophage is severely damaged.
The necrophage hits you but does no damage.
The gnoll barely misses you. The gnoll closely misses you.
The necrophage hits you but does no damage.
You barely miss the necrophage.
The necrophage is severely damaged.
The necrophage closely misses you. The gnoll hits you but does no damage.
You slash the necrophage! You freeze the necrophage.
You destroy the necrophage!
Qazlal accepts your kill.
The gnoll hits you from afar with a +0 halberd!
* * * LOW HITPOINT WARNING * * *
The gnoll hits you from afar with a +0 halberd!
You die...

#...# #...# ###########
###...# #.........#
#.....# #......<..#
#[....# #.........#
##..#### #.........#
#...#
#.........####...######
#..........@gg.........
#.........###..........
#.........# #..........
...#.###### #.)........
#... #....†..)... ..
#............
.>..#..........
....#..........
.....#..........


You could see 2 gnolls.

Vanquished Creatures
  A black bear (D:4)
  A necrophage (D:5)
  2 hounds
  Jessica (D:2)
  2 gnolls
  3 adders
  2 worms (D:4)
  5 dart slugs
  4 orcs (D:4)
  6 endoplasms
  2 giant cockroaches
  10 goblins
  8 hobgoblins
  2 quokkas
  9 ball pythons
  5 bats
  5 frilled lizards
  8 kobolds
  7 rats
  A bush (D:2)
84 creatures vanquished.

Vanquished Creatures (others)
  12 plants (D:2)
12 creatures vanquished.

Grand Total: 96 creatures vanquished

Notes
Turn   | Place    | Note
-------+----------+-------------------------------------------
     0 | D:1      | garrulousMonolith the Demonspawn Gladiator began the quest
                  | for the Orb.
     0 | D:1      | Reached XP level 1. HP: 16/16 MP: 1/1
   217 | D:1      | Gained mutation: You are partially covered in rugged brown
                  | scales. (AC +1, +3% HP) [demonic ancestry]
   217 | D:1      | Reached XP level 2. HP: 15/22 MP: 2/2
   768 | D:1      | Learned a level 1 spell: Sting
   802 | D:2      | Reached skill level 3 in Long Blades
   889 | D:2      | Reached XP level 3. HP: 26/28 MP: 3/3
   936 | D:2      | Noticed Jessica
   937 | D:2      | You fall into a shaft and drop 2 floors!
   947 | D:4      | Noticed a black bear
   955 | D:4      | Killed a black bear
   956 | D:4      | Reached skill level 1 in Armour
   956 | D:4      | Reached XP level 4. HP: 35/35 MP: 4/4
  1077 | D:4      | Reached XP level 5. HP: 41/41 MP: 5/5
  1086 | D:4      | Found a stormy altar of Qazlal.
  1091 | D:4      | Became a worshipper of Qazlal Stormbringer
  1468 | D:2      | Found a shadowy altar of Dithmenos.
  1607 | D:2      | Reached * piety under Qazlal
  1741 | D:2      | Killed Jessica
  1742 | D:2      | Reached skill level 4 in Long Blades
  2077 | D:3      | Identified the +7 war axe "Ybrest" {freeze, *Corrode rN+
                  | Int+2}
  2146 | D:3      | Reached skill level 1 in Invocations
  2177 | D:3      | Found a hide-covered altar of Uskayaw.
  2523 | D:4      | Reached ** piety under Qazlal
  2631 | D:4      | Reached skill level 1 in Axes
  2665 | D:4      | Gained mutation: Spells you cast may paralyse adjacent
                  | enemies. [demonic ancestry]
  2665 | D:4      | Reached XP level 6. HP: 48/48 MP: 7/7
  3332 | D:5      | Entered Level 5 of the Dungeon
  3366 | D:5      | HP: 1/46 [gnoll/+0 flail (6)]
  3377 | D:5      | Slain by a gnoll

Illustrated notes

Levels and vault maps discovered:
D:1:      heliophobic_arrival_battle_scene, layout_loops_cross
D:2:      layout_loops_cross, basic_altar, lexackson_kobold_supper, uniq_jessica
D:3:      layout_rooms, mainiacjoe_overflow_concentric_impassable
D:4:      kennysheep_spiral_hall, layout_loops_ring, kennysheep_little_box,
          grunt_ministairs_13
D:5:      layout_rooms, kennysheep_mini_moat

Skill      XL: |  1  2  3  4  5 |
---------------+----------------+-----
Throwing       | 2 |  2.0
Long Blades    | 3 4 |  4.0
Dodging        | 3 |  3.7
Armour         | 1 |  1.8
Fighting       | 3 |  3.3
Invocations    | 1 |  1.7
Axes           | 1 |  1.3

Action                     |  1- 3 |  4- 6 || total
---------------------------+-------+-------++-------
  Melee: Long sword        |    63 |    67 ||   130
         Punch             |     1 |       ||     1
         War axe           |       |    67 ||    67
         Short sword       |       |    44 ||    44
         Scimitar          |       |     6 ||     6
  Throw: Javelin           |       |     5 ||     5
 Invoke: Upheaval          |       |     1 ||     1
    Use: Scroll            |     3 |     9 ||    12
         Potion            |     1 |     3 ||     4
   Stab: Sleeping          |     1 |       ||     1
 Armour: Leather armour    |    17 |       ||    17
         Scale mail        |    15 |    64 ||    79
         Chain mail        |       |    34 ||    34
  Dodge: Dodged            |    28 |    95 ||   123
  Block: Other             |       |     6 ||     6

Table legend: (Time is in decaauts)
 A = Elapsed time spent in this place.
 B = Non-inter-level travel time spent in this place.
 C = Inter-level travel time spent in this place.
 D = Time resting spent in this place.
 E = Time spent auto-exploring this place.
 F = Levels seen in this place.
 G = Mean time per level.
                   A        B        C        D        E       F      G
               +--------+--------+--------+--------+--------+-----+--------+
         Total |   3444 |   3231 |    213 |    343 |   2128 |   5 |  688.8 |
       Dungeon |   3444 |   3231 |    213 |    343 |   2128 |   5 |  688.8 |
               +--------+--------+--------+--------+--------+-----+--------+

Top non-repeatable levels by time:
     D:4: 1159 daAuts
     D:2: 989 daAuts
     D:1: 802 daAuts
     D:3: 444 daAuts
     D:5: 48 daAuts
